Cogmind - Beta 14 @@@ ROGUE MODE // 2024.11.18 @ 13:49:47 Player: atomicthumbs Result: Destroyed by D-53 Grenadier with Mini Grenade Launcher Performance ------------- Evolutions (0) 0 Regions Visited (2) 400 Robots Destroyed (15) 75 Value Destroyed (384) 384 Prototype IDs (2) 40 Alien Tech Used (0) 0 Bonus (0) 0 TOTAL SCORE: 899 Bonus ------- None Cogmind --------- Core Integrity 0/250 Matter 196/300 Energy 99/100 System Corruption 0% Temperature Cool (0) Movement Core (50) Location -10/Mines Parts ------- > --- POWER (1) -------- (None) > --- PROPULSION (2) --- (None) > --- UTILITY (2) ------ Signal Interpreter > --- WEAPON (2) ------- (None) > --- INVENTORY (5) ---- Ion Engine Light Ion Engine Wheel Assault Rifle Peak State ------------ > --- POWER ------------ Fission Core > --- PROPULSION ------- Aluminum Leg Aluminum Leg > --- UTILITY ---------- Signal Interpreter > --- WEAPON ----------- Medium Laser > --- INVENTORY -------- Ion Engine Light Ion Engine Wheel Assault Rifle [Rating: 9] Favorites ----------- Power Ion Engine Engine Ion Engine Power Core Fission Core Propulsion Aluminum Leg Leg Aluminum Leg Utility Signal Interpreter Processor Signal Interpreter Protection Light Armor Plating Weapon Medium Laser Energy Gun Medium Laser Ballistic Gun Assault Rifle Launcher Grenade Launcher Build | -11 -10 -10 ------- Run | Yrd Mat Min Slots Evolved . | . . . Power . | . . . Propulsion . | . . . Utility . | . . . Weapon . | . . . Parts Attached 16 | 6 8 2 Power 4 | 2 1 1 Engine 3 | 2 1 . Core 1 | . . 1 Reactor . | . . . Propulsion 4 | 2 1 1 Treads . | . . . Leg 4 | 2 1 1 Wheel . | . . . Hover . | . . . Flight . | . . . Utility 4 | . 4 . Device . | . . . Storage . | . . . Processor 2 | . 2 . Hackware . | . . . Protection 2 | . 2 . Artifact . | . . . Weapon 4 | 2 2 . Energy Gun 1 | 1 . . Energy Cannon . | . . . Ballistic Gun 2 | 1 1 . Ballistic Cannon . | . . . Launcher 1 | . 1 . Special Weapon . | . . . Impact Weapon . | . . . Slashing Weapon . | . . . Piercing Weapon . | . . . Special Melee Weapon . | . . . Unidentified Prototypes . | . . . Parts Lost 7 | . . 7 Power 1 | . . 1 Propulsion 3 | . . 3 Utility 1 | . . 1 Weapon 2 | . . 2 Highest Loss Streak 7 | . . 7 To Critical Strikes . | . . . Average Slot Usage (%) 96 | . 96 90 Engine 13 | . 14 9 Leg 28 | . 28 28 Processor 14 | . 14 14 Protection 10 | . 10 9 Energy Gun 14 | . 14 14 Launcher 13 | . 13 9 Peak Build Rating 9 | 5 7 9 Average Rating 6 | 4 6 6 On Entrance 4 | . 5 7 Naked Turns . | . . . Heaviest Build 13 | 9 13 13 Greatest Support 20 | 20 20 20 Greatest Overweight (x) 3 | . . 3 Average Overweight (x) . | . . . Largest Inventory Capacity 5 | 5 5 5 Average Capacity 5 | 5 5 5 Most Carried 5 | 5 5 5 Average Carried 3 | 1 4 4 Final Capacity 5 | 5 5 5 Final Carried 5 | 5 5 4 Class Distribution -------------------- 100% | Mutant Dominant Class ---------------- Mutant | -10/Materials Mutant | -10/Mines Resources | -11 -10 -10 ----------- Run | Yrd Mat Min Matter Collected 395 | 266 129 . Remotely . | . . . Salvage Created 320 | 37 283 . Parts 16 | 2 14 . Haulers Intercepted . | . . . Recyclers Shooed . | . . . Parts Field Recycled . | . . . Retrieved Matter . | . . . Parts Self-Destructed . | . . . Prevented . | . . . Kills | -11 -10 -10 ------- Run | Yrd Mat Min Combat Hostiles Destroyed 11 | 1 10 . Guns 3 | 1 2 . AOE 8 | . 8 . Classes Destroyed 5 | 1 4 . Worker 1 | . 1 . Recycler 1 | . 1 . Watcher 2 | . 2 . Swarmer 3 | . 3 . Grunt 8 | 1 7 . Best Kill Streak 6 | 1 6 . Combat Bots Only 3 | 1 3 . Max Kills in Single Turn 2 | 1 2 . Gunslinging . | . . . Exploded 1 | . 1 . Melee . | . . . Uniques/NPCs Destroyed . | . . . Combat | -11 -10 -10 -------- Run | Yrd Mat Min Hostile Shots Fired 62 | 2 27 33 Missed 18 | . 10 8 Damage Taken 949 | 23 269 657 Core 263 | 12 12 239 Absorbed by Shields . | . . . Regen/Repaired (Parts) 60 | . 60 . Core Remaining (%) 95 | 95 . . Volleys Fired 29 | 2 24 3 Largest 2 | 2 2 2 Hottest 80 | 70 80 80 Shots Fired 48 | 4 39 5 Gun 31 | 4 24 3 Cannon . | . . . Launcher 17 | . 15 2 Special . | . . . Kinetic 2 | 2 . . Thermal 29 | 2 24 3 Explosive 17 | . 15 2 Electromagnetic . | . . . Robot Hit Streak 5 | 1 5 1 Robot Miss Streak 5 | 1 5 2 Penetration Max . | . . . Secondary Targets . | . . . Shots Hit Robots 25 | 2 21 2 Core Hits 24 | 2 17 5 Critical Kills . | . . . Critical Parts Destroyed . | . . . Critical Strikes . | . . . Melee Attacks . | . . . Impact . | . . . Slashing . | . . . Piercing . | . . . Sneak Attacks . | . . . Combat Hostiles . | . . . Follow-up Attacks . | . . . Damage Inflicted 1072 | 25 1017 30 Guns 147 | 25 122 . Cannons . | . . . Explosions 917 | . 887 30 Melee . | . . . Ramming 8 | . 8 . Kinetic . | . . . Thermal 147 | 25 122 . Explosive 917 | . 887 30 Electromagnetic . | . . . Impact . | . . . Slashing . | . . . Piercing . | . . . Highest Corruption . | . . . Average Corruption . | . . . Corruption Purged . | . . . Corruption Blocked . | . . . Overload Shots . | . . . Overflow Damage 24 | . 24 . Projectiles . | . . . Explosions 24 | . 24 . Melee . | . . . Knockbacks . | . . . Impact . | . . . Kinetic . | . . . Secondary . | . . . Self-Inflicted Damage 75 | . 75 . Shots 4 | . 4 . Rammed . | . . . Targets Rammed 1 | . 1 . Kicked 1 | . 1 . Crushed . | . . . Highest Temperature 132 | 30 132 70 Average Temperature 42 | 20 44 36 Received Heat Transfer 131 | 12 99 20 Siege Activations . | . . . Robots Corrupted . | . . . Combat Hostiles . | . . . Parts Fried . | . . . Impact Corruptions . | . . . Robots Melted . | . . . Combat Hostiles . | . . . Parts Melted 1 | . 1 . Heat Transferred 444 | 74 370 . Parts Sabotaged . | . . . Parts Stolen . | . . . Parts Stripped . | . . . Power Chain Reactions . | . . . Alert | -11 -10 -10 ------- Run | Yrd Mat Min Peak Influence 288 | 20 288 137 Initial 112 | . 13 112 Average 61 | 3 71 110 Maximum Alert Level 1 | . 1 . Low Security (%) 91 | 100 89 100 Level 1 8 | . 10 . Level 2 . | . . . Level 3 . | . . . Level 4 . | . . . Level 5 . | . . . High Security . | . . . Max Security . | . . . Squads Dispatched 4 | . 4 . Investigation 4 | . 4 . Extermination . | . . . Reinforcement . | . . . Assault . | . . . Garrison . | . . . Intercept . | . . . Searches Triggered . | . . . Construction Impeded . | . . . Haulers Reinforced . | . . . Active Scanning Responses . | . . . Cargo Convoy Interrupts . | . . . Stealth | -11 -10 -10 --------- Run | Yrd Mat Min Distress Signals . | . . . Communications Jammed . | . . . Distress Signals . | . . . Times Spotted 29 | 1 15 13 Peak Tracking Total 12 | 1 4 12 Tactical Retreats . | . . . Traps | -11 -10 -10 ------- Run | Yrd Mat Min Traps Triggered 2 | . 2 . Indirectly . | . . . Trap Hack Attempts . | . . . Triggered . | . . . Disarmed . | . . . Reprogrammed . | . . . Reused . | . . . Traps Extracted . | . . . Installed . | . . . Triggered . | . . . Machines | -11 -10 -10 ---------- Run | Yrd Mat Min Machines Disabled 3 | . 3 . Max in Single Turn 2 | . 2 . Machines Repaired . | . . . Machines Dismantled . | . . . Machines Sabotaged . | . . . Overloaded Fab Kills . | . . . Hacking | -11 -10 -10 --------- Run | Yrd Mat Min Machines Accessed 8 | . 8 . Terminals 6 | . 6 . Fabricators . | . . . Repair Stations 1 | . 1 . Recycling Units 1 | . 1 . Scanalyzers . | . . . Garrison Access . | . . . Total Hacks 24 | . 24 . Successful 13 | . 13 . Failed 11 | . 11 . Catastrophic 2 | . 2 . Database Lockouts . | . . . Manual . | . . . Terminals 20 | . 20 . Fabricators . | . . . Repair Stations 3 | . 3 . Recycling Units 1 | . 1 . Scanalyzers . | . . . Garrison Access . | . . . Terminal Hacks 10 | . 10 . Record 3 | . 3 . Prototype ID Bank 1 | . 1 . Emergency Access Points 1 | . 1 . Repair Station Index 1 | . 1 . Alert Level 1 | . 1 . Recall Investigation 1 | . 1 . Hauler Manifests 1 | . 1 . Zone Layout 1 | . 1 . Fabricator Hacks . | . . . Repair Station Hacks 2 | . 2 . Scan Component 1 | . 1 . Repair 1 | . 1 . Recycling Unit Hacks 1 | . 1 . Report Inventory 1 | . 1 . Scanalyzer . | . . . Garrison Access Hacks . | . . . Unauthorized Hacks . | . . . Terminals . | . . . Fabricators . | . . . Repair Stations . | . . . Recycling Units . | . . . Scanalyzers . | . . . Garrison Access . | . . . Data Cores Recovered . | . . . Used . | . . . Hacking Detections 7 | . 7 . Full Trace Events 4 | . 4 . Feedback Events . | . . . Feedback Blocked . | . . . Robot Schematics Acquired . | . . . Robots Built . | . . . Authchips . | . . . Time . | . . . Total Robot Build Rating . | . . . Part Schematics Acquired . | . . . Parts Built . | . . . Authchips . | . . . Time . | . . . Total Part Build Rating . | . . . Parts Repaired 1 | . 1 . Time 26 | . 26 . Parts Recycled . | . . . Recycled Matter . | . . . Retrieved Matter . | . . . Retrieved Components . | . . . Parts Scanalyzed . | . . . Part Schematics Acquired . | . . . Parts Damaged . | . . . Bothacking | -11 -10 -10 ------------ Run | Yrd Mat Min Used RIF Installer . | . . . Robots Hacked . | . . . Non-combat . | . . . Combat . | . . . Robot Hacks Applied . | . . . Relay Couplers Released . | . . . Fabnet Peak Effective % . | . . . Robots Rewired . | . . . Allies Hacked . | . . . Hacks Repelled . | . . . Allies | -11 -10 -10 -------- Run | Yrd Mat Min Total Allies . | . . . Largest Group . | . . . Highest-Rated Group . | . . . Highest-Rated Ally . | . . . Total Orders . | . . . Ally Attacks . | . . . Total Damage . | . . . Kills . | . . . Allies Corrupted . | . . . Allies Melted . | . . . Intel | -11 -10 -10 ------- Run | Yrd Mat Min Robot Analysis Total . | . . . Derelict Logs Recovered . | . . . Drone Launches . | . . . Drone Recoveries . | . . . Exploration | -11 -10 -10 ------------- Run | Yrd Mat Min Turns Passed 836 | 132 671 33 Spaces Moved 615 | 106 490 19 Core 22 | 19 . 3 Treads . | . . . Legs 593 | 87 490 16 Wheels . | . . . Hover . | . . . Flight . | . . . Fastest Speed 50 | 50 120 50 Average Speed 117 | 107 120 116 Slowest Speed 200 | 120 120 200 Overloaded Moves . | . . . Propulsion Burnouts . | . . . Robots Hopped . | . . . Cave-ins Triggered . | . . . Exploration Rate (%) 31 | 4 73 16 Regions Visited 2 Branch Regions 1 Pre-discovered Areas . | . . . Known Exits Taken 1 | . 1 . Unknown Exits Taken 1 | 1 . . Scrap Searched . | . . . Spaces Dug . | . . . Terrain Destroyed 146 | . 123 23 Melee . | . . . Projectile . | . . . AOE 146 | . 123 23 Terrain Rammed . | . . . Walls Destroyed . | . . . Machines Disabled . | . . . Actions | -11 -10 -10 --------- Run | Yrd Mat Min Total 674 | 117 532 25 Wait 4 | . 4 . Move 613 | 105 489 19 Hop . | . . . Pick Up 6 | 4 2 . Fast Attach 9 | 5 4 . Attach 1 | . . 1 Detach 1 | . 1 . Swap 6 | 1 4 1 Drop 4 | . 3 1 Fire 29 | 2 24 3 Melee . | . . . Ram . | . . . Kick 1 | . 1 . Crush . | . . . Escape Stasis . | . . . Rewire . | . . . Trap . | . . . Miscellaneous . | . . . Route ------- -11/Scrapyard -10/Materials (discovered 3 exits: *Mat / *Min x2) -10/Mines History --------- Turn | Location | Event 2 | -11/Scrapyard | Met Revision 17 104 | -11/Scrapyard | Discovered new exit (range 8) 133 | -11/Scrapyard | Entered Materials 304 | -10/Materials | Build established: Mutant 321 | -10/Materials | Discovered new exit (range 12) 333 | -10/Materials | Identified exit to Mines 530 | -10/Materials | Discovered new exit (range 6) 534 | -10/Materials | Identified exit to Materials 752 | -10/Materials | Repaired Lgt. Armor Plating 788 | -10/Materials | Discovered exit to Mines (range 15) 804 | -10/Materials | Entered Mines 805 | -10/Mines | Assembled infested the area 810 | -10/Mines | Assisted by a Guerilla fighting off Assembled 835 | -10/Mines | Core integrity fell below 50% 837 | -10/Mines | Destroyed by D-53 Grenadier with Mini Grenade Launcher Last Messages --------------- D-53 Grenadier unfolds itself. IC-DAO(h) destroyed. The unstable cave ceiling collapses. as-67440 destroyed. as-32855 destroyed. Aluminum Leg destroyed. Lgt. Armor Plating destroyed. Dropped Ion Engine. Grenade Launcher destroyed. as-67652 destroyed. as-68002 destroyed. as-47127 destroyed. as-19336 destroyed. as-12763 destroyed. as-07379 destroyed. Med. Laser destroyed. Aluminum Leg destroyed. The unstable cave ceiling collapses. Fission Core destroyed. The unstable cave ceiling collapses. Map ----- +----------------------------------------------------+ | | | | | | | | | | | | | | | ?????????????????????????????????????????? | | ?????????????????????????????????????????? | | ?????????????????????????????????????????? | | ?????????????????????????????????????????? | | ?????????????????????????????????????????? | | ?????????????????????????????????????????? | | ?????????????????????????????????????????? | | ?????????????????#???????????????????????? | | ?????????????????%???????????????????????? | | ???????????????##$#??????????????????????? | | ?????????????#### ??????????????????????? | | ?????????????? ???????????####???????? | | ?????????????? ??????????# ## ?????? | | ?????????????## ?????????# ??????? | | ?????????????# # ???????## ?? #??? | | ?????????????# ####### """ #??? | | ?????????????# r ## """ #???? | | ?????????????# d """ ?????? | | ?????????????#### # @ """ #??????? | | ????????????## d # #??????? | | ????????????# # ##?????? | | ??????# ##### #?????? | | ??????# #???? | | ???????? #### # # #??? | | ????????????## % ### #?? | | ?????????????## ##??## ## #?? | | ?????????????### # #?????###??? #?? | | ???????????????#a ##??????????????#?? | | ?????????????? a ##?????????????????? | | ????????????? ##??????????????????? | | ???????????? ##???????????????????? | | ??????????? ##????????????????????? | | ?????????? ##?????????????????????? | | ????????? #???????????????????????? | | ???????? " ????????????????????????? | | ???????? ????????????????????????? | | ?????????? #????????????????????????? | | ???????????? ##?????????????????????????? | | ?????????????????????????????????????????? | | ?????????????????????????????????????????? | | ?????????????????????????????????????????? | | ?????????????????????????????????????????? | | ?????????????????????????????????????????? | +----------------------------------------------------+ Best States ------------- Heat Dissipation 25 Energy Generation 18 Energy Capacity 310 Matter Stores 300 Matter Capacity 300 Sight Range 16 Terrain Scan Density 10 Armor Coverage 150 Evasion (%) 55 Item Schematics ----------------- None Robot Schematics ------------------ None Fabricated ------------ Nothing Alien Tech Used ----------------- None Achievements -------------- GoHome() Part-time Mechanic Party Time Storm Trooper Challenges ------------ None Game ------ Seed LayeredSuperchargedSlayer Manual? 0 Play Time 00:15:16 Cumulative 0.8 hours Start 2024.11.18 @ 13:35:22 End 2024.11.18 @ 13:49:47 Sessions 1 Manual Loads 0 Difficulty Rogue Special Mode None Game No. 2 Rogue 2 Adventurer 0 Explorer 0 Win Type - Total 0 Types 0/0/0/0/0/0/0/0/0 Lore% 0 Gallery% 2 Achievement% 3 Wizard Run 0 Options --------- Layout 0 ASCII 0 Keyboard 0 Movement Mouse Keybinds 0 Fullscreen 2 Font 24/X11 Map View 76x50 Zoom Use 0% Tactical HUD 0 Map Filters NONE Filters NONE Steam 1 RUN: 8d63e020-c42a-4a20-aaf0-ec279377d39e